Unix NetHack Version 5.0.0-0 post-release - last build Jun 10 2026 00:39:30 (3ee93aec679c4c4259841fe613dc97188e26a321,branch:main).

Game began 2026-06-23 21:53:30, ended 2026-06-24 01:21:42.

ARFwashere, neutral male human Archeologist

                       #
                       #
  ------------         #
  |...........######   #
  |..........|     ##  #
  |..........|      ####
  |..........|         #
  |..........|         #
  |....[.....|         #  |
  ----|-----.-    ####)#)[-
      #          f     # |....
      #          @        .....|
      #         i?        .....|
    --.-.--                ....|
    |[)...|                 ...-
    |.....-                  ...
    |....<|                  ----
    -------

ARFwashere the Investigator  St:16 Dx:12 Co:12 In:15 Wi:16 Ch:7  Neutral
Dlvl:8  $:89 HP:0(40) Pw:21(21) AC:6  Xp:6 T:3500  Burdened

Latest messages:
 The large cat bites it.
 The large cat bites it.
 It touches the large cat.
 The large cat misses it.
 The tengu appears next to you!
 You hear some noises in the distance.
 The tengu bites!
 The tengu bites!
 What do you want to zap? [jxACEW or ?*] ?
 In what direction? b
 The wand hits the tengu!
 The tengu resists!
 The tengu bites!
 What do you want to zap? [jxACEW or ?*] ?
 In what direction? b
 The tengu bites!
 The orc zombie hits!
 What do you want to drop? [$abd-qs-zA-MO-Y or ?*] s
 You drop a scroll of scare monster.
 The orc zombie turns to flee.
 You have a sad feeling for a moment, then it passes.
 The tengu appears next to you!
 The tengu turns to flee.
 The orc zombie turns to flee.
 The orc zombie turns to flee.
 You find a hidden passage.
 The orc zombie turns to flee.
 The tengu appears next to you!
 The tengu vanishes and reappears next to you.
 What do you want to zap? [jxACEW or ?*] ?
 What do you want to zap? [jxACEW or ?*] <enter>
 Never mind.
 The tengu turns to flee.
 The tengu appears next to you!
 The orc zombie turns to flee.
 Leogorerd's ghost turns to flee.
 The panther turns to flee.
 You hear the chime of a cash register.
 The tengu appears next to you!
 The panther hits!
 The panther hits again!
 The panther bites!
 The panther hits!
 The panther hits again!
 You die...
 Do you want your possessions identified? [ynq] (y) y
 Do you want to see your attributes? [ynq] (y) n
 Do you want an account of creatures vanquished? [ynaq] (y) n
 Do you want to see your conduct and achievements? [ynq] (y) y
 Do you want to see the dungeon overview? [ynq] (y) n

Inventory:
 Coins    ('$')
  $ - 89 gold pieces
 Weapons  (')')
  J - 4 blessed +0 darts (at the ready)
  a - a +2 bullwhip
 Armor    ('[')
  D - an uncursed +0 orcish helm (being worn)
  t - an uncursed +0 pair of iron shoes (being worn)
  L - an uncursed +0 dwarvish cloak (being worn)
  b - an uncursed +0 leather jacket (being worn)
 Comestibles  ('%')
  d - 5 uncursed food rations
  z - an uncursed partly eaten food ration
  o - 3 uncursed tripe rations
 Scrolls  ('?')
  y - a cursed scroll of blank paper
  l - an uncursed scroll of confuse monster
  Q - an uncursed scroll of destroy armor
  K - a cursed scroll of enchant armor
  I - an uncursed scroll of enchant weapon
  P - an uncursed scroll of enchant weapon
  H - an uncursed scroll of fire
  S - 2 uncursed scrolls of identify
  q - an uncursed scroll of magic mapping
  R - an uncursed scroll of teleportation
 Potions  ('!')
  k - an uncursed potion of blindness
  T - an uncursed potion of enlightenment
  i - an uncursed potion of gain ability
  O - a blessed potion of healing
  v - an uncursed potion of monster detection
  Y - a blessed potion of restore ability
  n - an uncursed potion of speed
 Rings    ('=')
  B - an uncursed +1 ring of protection
  u - a cursed -1 ring of protection
 Wands    ('/')
  C - a wand of digging (0:5)
  j - a wand of enlightenment (0:14)
  x - a wand of sleep (0:5)
  A - a wand of speed monster (0:6)
  E - a wand of striking (0:7)
  W - a wand of teleportation (0:5)
 Tools    ('(')
  h - an uncursed sack containing 1 item
  m - a magic marker (0:68)
  w - an uncursed magic whistle
  e - a +0 pick-axe (weapon in left hand)
  p - an uncursed stethoscope
  G - a cursed stethoscope
  X - a blessed tallow candle
  f - a tinning kit (0:76)
  V - an uncursed towel
 Gems/Stones  ('*')
  U - an uncursed turquoise stone
  F - an uncursed worthless piece of green glass
  M - 2 uncursed worthless pieces of yellowish brown glass
  g - an uncursed touchstone

Contents of the sack:
  443 gold pieces

ARFwashere the Archeologist's attributes:

Background:
 You were an Investigator, a level 6 male human Archeologist.
 You were neutral, on a mission for Camaxtli
 who was opposed by Quetzalcoatl (lawful) and Huhetotl (chaotic).
 You were left-handed.
 You were in the Gnomish Mines, on level 8.
 You entered the dungeon 3500 turns ago.
 It was nighttime.
 You had 425 experience points, 215 more were needed to attain level 7.

Basics:
 You had 0 out of 40 hit points.
 You had all 21 energy points (spell power).
 Your armor class was 6.
 Your wallet contained 89 zorkmids, and
 you had 443 more stashed away in your pack.
 Autopickup was on for '$' plus thrown.

Final Characteristics:
 Your strength was 16 (limit:18/100).
 Your dexterity was 12 (limit:18).
 Your constitution was 12 (limit:18).
 Your intelligence was 15 (limit:18).
 Your wisdom was 16 (limit:18).
 Your charisma was 7 (limit:18).

Final Status:
 You weren't hungry.
 You were burdened; movement was slightly slowed.
 You were wielding a pick-axe.
 You were skilled in pick-axe.

Final Attributes:
 You were piously aligned.
 Your items were somewhat protected from fire.
 Your items were somewhat protected from cold.
 You had automatic searching.
 You were stealthy.
 You were warded.
 You are dead.

Miscellaneous:
 You encountered 2 bones levels.
 Total elapsed playing time was 1 hour, 21 minutes and 12 seconds.

Major events:
 Turn
    1: ARFwashere the neutral male human Archeologist entered the dungeon
 1180: attained the rank of Field Worker (level 3)
 1422: entered the Gnomish Mines
 3095: attained the rank of Investigator (level 6)
 3500: killed by a panther

You didn't know any spells.

Skills:
 Fighting Skills
   bare handed combat [Unskilled]
   two weapon combat  [Unskilled]
   riding             [Unskilled]
 Weapon Skills
   dagger             [Unskilled]
   knife              [Unskilled]
   pick-axe           [Skilled]
   short sword        [Unskilled]
   saber              [Unskilled]
   club               [Unskilled]
   quarterstaff       [Unskilled]
   sling              [Unskilled]
   dart               [Unskilled]
   boomerang          [Unskilled]
   whip               [Basic]
   unicorn horn       [Unskilled]
 Spellcasting Skills
   attack spells      [Unskilled]
   healing spells     [Unskilled]
   divination spells  [Unskilled]
   matter spells      [Unskilled]

Voluntary challenges:
 Character rerolling was not enabled.
 You never genocided any monsters.
 You never polymorphed an object.
 You never changed form.
 You used no wishes.
Achievements:
 You attained the rank of Field Worker.
 You entered the Gnomish Mines.
 You entered a shop.
 You attained the rank of Investigator.

 The Dungeons of Doom: levels 1 to 4
    Level 1:
       A fountain.
    Level 2:
       A fountain.
    Level 3:
       A fountain.
    Level 4:
       A general store.
       Stairs down to The Gnomish Mines.
 The Gnomish Mines: levels 5 to 8
    Level 5:
    Level 6:
    Level 7:
       Final resting place for
          leogorerd-Val-Hum-Fem-Neu, killed by a hill orc.
    Level 8: <- You were here.
       A grave.
       Final resting place for
          you, killed by a panther,
          leogorerd-Wiz-Hum-Fem-Neu, killed by a hill orc.


Vanquished creatures:
  a large cat
  a quivering blob
  a housecat
  a blue jelly
 10 Mordor orcs
  a rock mole
  a pony
  a yellow light
  a shrieker
  3 gnome leaders
  a kobold mummy
  a gray ooze
 an elf zombie
  2 giant ants
  2 floating eyes
  6 dwarves
  2 homunculi
  2 hill orcs
  a rothe
  a rabid rat
  a monkey
  a werejackal
  4 iguanas
  a coyote
  a hobbit
  2 manes
  3 giant rats
  a cave spider
  a yellow mold
  2 red molds
 17 gnomes
  3 garter snakes
  a gnome zombie
  3 geckos
  6 jackals
  3 foxes
  a kobold
  3 goblins
  3 grid bugs
  4 lichens
  a kobold zombie
  5 newts
107 creatures vanquished.

No species were genocided or became extinct.

Game over:
                       ----------
                      /          \
                     /    REST    \
                    /      IN      \
                   /     PEACE      \
                  /                  \
                  |    ARFwashere    |
                  |      532 Au      |
                  |   killed by a    |
                  |     panther      |
                  |                  |
                  |                  |
                  |       2026       |
                 *|     *  *  *      | *
        _________)/\\_//(\/(/\)/\//\/|_)_______

Goodbye ARFwashere the Archeologist...

You died in The Gnomish Mines on dungeon level 8 with 2559 points,
and 532 pieces of gold, after 3500 moves.
You were level 6 with a maximum of 40 hit points when you died.

